 Dungeon Crawl Stone Soup version 0.22.1-2-g9c5b331383 (webtiles) character file.

29026 Ihlosi the Fighter (level 13, -2/85 HPs)
             Began as a Kobold Gladiator on Dec 9, 2018.
             Was a High Priest of Kikubaaqudgha.
             Slain by a komodo dragon (4 damage)
             ... on level 5 of the Lair of Beasts.
             The game lasted 01:10:46 (16465 turns).

Ihlosi the Fighter (Kobold Gladiator)              Turns: 16465, Time: 01:10:47

Health: -2/85      AC: 22    Str: 14    XL:     13   Next: 77%
Magic:  19/19      EV: 23    Int: 10    God:    Kikubaaqudgha [*****.]
Gold:   1423       SH:  0    Dex: 18    Spells: 5/18 levels left

rFire    . . .     SeeInvis .   a - +3 long sword (holy)
rCold    + . .     Gourm    .   (shield restricted)
rNeg     . . .     Faith    .   h - +0 steam dragon scales
rPois    .         Spirit   .   m - +0 helmet
rElec    .         Reflect  .   E - +0 cloak
rCorr    .         Harm     .   s - +2 pair of gloves
MR       .....                  k - +2 pair of boots {Fly}
Stlth    ++++......             p - amulet of regeneration
HPRegen  0.64/turn              l - ring of protection from cold
MPRegen  0.16/turn              T - ring of Robustness {AC+8}

@: no status effects
A: small, carnivore
a: Receive Corpses, Torment, Renounce Religion, Evoke Flight


You were on level 5 of the Lair of Beasts.
You worshipped Kikubaaqudgha.
Kikubaaqudgha was extremely pleased with you.
You were full.

You visited 3 branches of the dungeon, and saw 18 of its levels.
You also visited: Labyrinth, Ossuary and Bailey.

You collected 1423 gold pieces.

Inventory:

Hand Weapons
 a - a +3 long sword of holy wrath (weapon)
 b - a +0 scimitar
 c - the +9 quarterstaff of Gloom {elec, -Tele rN++ Int+4 Stlth+}
   (You found it on level 10 of the Dungeon)

   Occasionally, upon striking a foe, it will discharge some electrical energy
   and cause terrible harm.
   It affects your intelligence (+4).
   It greatly protects you from negative energy.
   It prevents most forms of teleportation.
   It makes you more stealthy.
 j - a +0 rapier
 J - a +0 arbalest
Missiles
 d - 4 throwing nets (quivered)
 e - 400 bolts
Armour
 h - +0 steam dragon scales (worn)
 k - a +2 pair of boots of flying (worn)
 m - a +0 helmet (worn)
 s - a +2 pair of gloves (worn)
 E - a +0 cloak (worn)
Jewellery
 l - a ring of protection from cold (left hand)
 p - an amulet of regeneration (around neck)
 T - the ring of Robustness (right hand) {AC+8}
   (You found it in a labyrinth)

   [ring of protection]

   It affects your AC (+8).
Wands
 r - a wand of iceblast (10)
 v - a wand of flame (24)
 w - a wand of enslavement (10)
 L - a wand of acid (9)
 N - a wand of digging (7)
 O - a wand of polymorph (40)
 Q - a wand of paralysis (14)
Scrolls
 g - 7 scrolls of teleportation
 i - 3 scrolls of identify
 n - a scroll of magic mapping
 t - a scroll of fog
 y - a scroll of amnesia
 F - 2 scrolls of blinking
 H - 3 scrolls of fear
 K - 5 scrolls of remove curse
 S - 2 scrolls of enchant armour
Potions
 q - 2 potions of flight
 u - a potion of ambrosia
 x - 2 potions of haste
 z - a potion of brilliance
 A - a potion of lignification
 B - a potion of cancellation
 D - 2 potions of mutation
 I - 2 potions of agility
 M - 4 potions of might
 P - 2 potions of curing
Miscellaneous
 G - a lamp of fire (inert)
Comestibles
 f - 33 rations


   Skills:
 * Level 11.9 Fighting
 - Level 9.0(12.2) Short Blades
 - Level 9.0(9.7) Long Blades
 * Level 8.9 Crossbows
 - Level 2.1 Throwing
 * Level 3.4 Armour
 * Level 10.5 Dodging
 * Level 6.6 Stealth
 * Level 3.0 Spellcasting
 * Level 3.5 Necromancy
 * Level 8.7 Evocations


You had 5 spell levels left.
You knew the following spells:

 Your Spells              Type           Power        Failure   Level  Hunger
a - Pain                  Necr           #...         6%          1    #......
b - Corpse Rot            Necr           N/A          10%         2    ###....
c - Vampiric Draining     Necr           #.........   19%         3    ###....
d - Dispel Undead         Necr           #.......     87%         5    ######.
e - Blink                 Tloc           N/A          38%         2    ###....

Your spell library contained the following spells:

 Spells                   Type           Power        Failure   Level  Hunger
 Sublimation of Blood     Necr           #.........   10%         2    ###....
 Magic Dart               Conj           #...         28%         1    #......
 Sting                    Conj/Pois      #...         28%         1    #......
 Call Imp                 Summ           #.......     38%         2    ###....
 Poisonous Vapours        Pois/Air       #.....       38%         2    ###....
 Searing Ray              Conj           #.....       38%         2    ###....
 Slow                     Hex            #.......     38%         2    ###....
 Animate Dead             Necr           N/A          54%         4    #####..
 Conjure Flame            Conj/Fire      #.......     63%         3    ###....
 Dazzling Spray           Conj/Hex       #.....       63%         3    ###....
 Mephitic Cloud           Conj/Pois/Air  #.......     63%         3    ###....
 Recall                   Summ/Tloc      N/A          63%         3    ###....
 Agony                    Necr           #.......     87%         5    ######.
 Force Lance              Conj/Tloc      #.......     95%         4    #####..
 Fulminant Prism          Conj/Hex       #.........   95%         4    #####..
 Iskenderun's Mystic Bla  Conj           #.......     95%         4    #####..
 Olgreb's Toxic Radiance  Pois           #.......     95%         4    #####..
 Borgnjor's Vile Clutch   Necr/Erth      #.........   98%         5    ######.
 Venom Bolt               Conj/Pois      #.........   100%        5    ######.
 Death Channel            Necr           #.........   100%        6    #######
 Simulacrum               Ice/Necr       #.........   100%        6    #######


Dungeon Overview and Level Annotations

Branches:
Dungeon (12/15)            Temple (1/1) D:5            Lair (5/6) D:9
 Shoals (0/4) Lair:2        Snake (0/4) Lair:4        Slime (0/5) Lair:5
    Orc: D:9-12

Altars:
Ashenzari
Cheibriados
Dithmenos
Elyvilon
Fedhas
Gozag
Hepliaklqana
Kikubaaqudgha
Makhleb
Nemelex Xobeh
Okawaru
Qazlal
Ru
Sif Muna
Trog
Uskayaw
Vehumet
Wu Jian
Xom
Yredelemnul
Zin
The Shining One

Annotations:
D:5 exclusion: statue
D:7 Joseph
D:11 Erica
D:12 Urug
Lair:1 3 runed doors, kwasso's ghost, novice GnWn
Lair:3 exclusion: 2 oklob plants
Lair:5 exclusion: 3 oklob plants


Innate Abilities, Weirdness & Mutations

You are small and have problems with some larger weapons.
You are carnivorous and can eat meat at any time.


Message History

The komodo dragon bites you!
You hit the komodo dragon but do no damage.
The komodo dragon is lightly wounded.
The komodo dragon bites you!
You hit the komodo dragon but do no damage.
The komodo dragon is lightly wounded.
The komodo dragon bites you!
You closely miss the komodo dragon.
The komodo dragon is lightly wounded.
The komodo dragon bites you!!
* * * LOW HITPOINT WARNING * * *
You completely miss the komodo dragon.
The komodo dragon is lightly wounded.
The komodo dragon bites you!
* * * LOW HITPOINT WARNING * * *
You hit the komodo dragon.
The komodo dragon is lightly wounded.
The komodo dragon bites you.
You die...
Kikubaaqudgha rasps: "You have failed me!
Welcome... death!"

.............#
...≈≈.......(##
..≈≈≈≈........#
..≈≈≈≈........#
..≈≈≈≈≈.......#
..≈≈≈≈≈......## ###
.≈≈≈≈≈≈......#####.#######
.≈≈≈§§§≈.....#.#...##..#.#
.≈≈§≈≈§≈≈...@............####
.≈≈≈§§§≈≈...l###.#.PP###.##..
≈≈≈§≈≈≈§≈≈≈... #.##..##....##
.≈≈≈≈≈≈.......#######.([..#
≈≈≈≈.......... #.....#
≈≈........##P. #.....##
........#. ..P #P...#.#
....... # ..# ##..P### #..P#


You could see a komodo dragon.

Vanquished Creatures
  A minotaur (Lab)
  A hydra (Lair:3)
  A two-headed ogre (D:11)
  An unseen horror (D:11)
  An orc knight (Bailey)
  2 ugly things (D:11)
  An elephant (D:9)
  A cyclops (D:11)
  5 black mambas
  Psyche (D:11)
  5 spiny frogs
  2 rime drakes
  4 kobold demonologists (D:11)
  4 komodo dragons
  3 trolls (D:11)
  2 polar bears
  8 hippogriffs
  A hornet (D:11)
  Grinder (D:3)
  3 blink frogs (Lair:2)
  3 wyverns
  23 yaks
  3 steam dragons
  2 basilisks
  A hungry ghost (D:7)
  2 vampire mosquitoes (D:10)
  2 soldier ants (D:11)
  A naga (Lair:4)
  6 water moccasins
  8 porcupines
  3 ice beasts
  4 sky beasts
  8 orc warriors (Bailey)
  2 black bears
  A phantom (D:11)
  A hornet zombie (D:9)
  An eye of draining (D:11)
  3 ogres
  2 necrophages
  7 wolves
  7 centaurs
  10 crocodiles
  2 big kobolds (D:11)
  An elf zombie (D:6)
  12 bullfrogs
  2 elf skeletons (D:6)
  2 gnoll sergeants
  2 wyvern skeletons
  2 scorpions (D:10)
  A water moccasin skeleton (D:4)
  8 killer bees (D:11)
  A howler monkey (D:5)
  7 crimson imps
  A human zombie (D:6)
  3 orc priests
  2 quasits
  2 gnoll shamans
  3 hounds
  2 orc wizards
  2 bullfrog skeletons
  3 centaur skeletons
  2 human skeletons (D:6)
  An iguana (D:7)
  8 worker ants
  A big kobold zombie (Ossuary)
  2 hound skeletons
  A howler monkey zombie (D:6)
  9 mummies
  21 gnolls
  2 howler monkey skeletons
  8 adders
  A shadow imp (D:8)
  2 oozes
  3 adder zombies
  An adder skeleton (D:4)
  3 worms
  2 dart slugs
  4 leopard geckos
  22 orcs
  7 giant cockroaches
  12 goblins
  6 hobgoblins
  11 jackals
  14 kobolds
  7 quokkas
  2 ball pythons
  6 bats
  2 frilled lizards
  5 gnoll zombies
  A hobgoblin zombie (Ossuary)
  2 kobold zombies (Ossuary)
  An orc zombie (Ossuary)
  9 rats
384 creatures vanquished.

Vanquished Creatures (collateral kills)
  Harold (D:9)
  Grum (D:9)
  A soldier ant (D:11)
  3 orc warriors (Bailey)
  A wolf (D:9)
  A necrophage (D:11)
  A gnoll (D:7)
  2 orcs (Bailey)
11 creatures vanquished.

Vanquished Creatures (others)
  A basilisk (D:9)
  An ogre (D:9)
  A wolf (D:9)
  A crocodile (D:9)
  A fungus (Lair:2)
  2 plants (Lair:3)
7 creatures vanquished.

Grand Total: 402 creatures vanquished

Notes
Turn   | Place    | Note
-------+----------+-------------------------------------------
     0 | D:1      | Ihlosi the Kobold Gladiator began the quest for the Orb.
     0 | D:1      | Reached XP level 1. HP: 12/12 MP: 1/1
    74 | D:1      | Reached XP level 2. HP: 17/17 MP: 2/2
   284 | D:1      | Reached XP level 3. HP: 20/22 MP: 3/3
   553 | D:2      | Found a sparkling altar of Nemelex Xobeh.
   569 | D:2      | Reached skill level 1 in Stealth
   905 | D:2      | Reached XP level 4. HP: 24/27 MP: 4/4
  1362 | D:3      | Reached skill level 1 in Armour
  1394 | D:3      | Noticed Grinder
  1416 | D:3      | Paralysed by Grinder for 2 turns
  1421 | D:3      | Killed Grinder
  1421 | D:3      | Reached skill level 3 in Fighting
  1421 | D:3      | Reached XP level 5. HP: 32/32 MP: 5/5
  1421 | D:3      | Reached XP level 6. HP: 37/37 MP: 6/6
  1627 | D:3      | Found a white marble altar of Elyvilon.
  2243 | D:4      | Reached XP level 7. HP: 41/41 MP: 7/7
  2456 | D:4      | Reached skill level 5 in Dodging
  2665 | D:4      | Reached skill level 1 in Short Blades
  3315 | D:5      | Entered Level 5 of the Dungeon
  3317 | D:5      | Reached skill level 4 in Fighting
  3430 | D:5      | Reached XP level 8. HP: 19/48 MP: 8/8
  3717 | D:5      | Found a basalt altar of Yredelemnul.
  3766 | D:5      | Found a radiant altar of Vehumet.
  3815 | D:5      | Found a staircase to the Ecumenical Temple.
  3825 | D:5      | Reached skill level 1 in Evocations
  3832 | Temple   | Entered the Ecumenical Temple
  3891 | Temple   | Became a worshipper of Kikubaaqudgha
  4135 | D:5      | Found a glowing golden altar of the Shining One.
  4343 | D:6      | Found an iron altar of Okawaru.
  4446 | D:6      | Reached skill level 5 in Long Blades
  4534 | D:6      | Got a slimy chain mail
  4594 | D:6      | Reached skill level 5 in Stealth
  4644 | D:6      | Found a deep blue altar of Sif Muna.
  4791 | D:6      | Reached XP level 9. HP: 51/53 MP: 10/10
  4814 | D:6      | Reached skill level 5 in Fighting
  4821 | D:6      | Found a sand-covered staircase.
  4849 | D:6      | Reached * piety under Kikubaaqudgha
  4849 | D:6      | Identified Kikubaaqudgha's Papyrus of Unholy Arts
                  | (Kikubaaqudgha gifted it to you on level 6 of the Dungeon)
  4849 | D:6      | Received a gift from Kikubaaqudgha
  4881 | Ossuary  | Entered an ossuary
  4884 | Ossuary  | Learned a level 1 spell: Pain
  4887 | Ossuary  | Learned a level 2 spell: Corpse Rot
  4891 | Ossuary  | Learned a level 3 spell: Vampiric Draining
  5770 | D:6      | Identified the cursed +1 chain mail of Rationality {rF+}
                  | (You found it on level 6 of the Dungeon)
  5834 | D:7      | Noticed Joseph
  5895 | D:7      | Reached ** piety under Kikubaaqudgha
  6025 | D:7      | Noticed a hippogriff
  6135 | D:7      | Reached skill level 6 in Fighting
  6197 | D:7      | Reached skill level 1 in Spellcasting
  6197 | D:7      | Reached skill level 1 in Necromancy
  6351 | D:7      | Reached XP level 10. HP: 18/61 MP: 12/12
  6572 | D:7      | Reached skill level 5 in Short Blades
  6686 | D:7      | Found a stormy altar of Qazlal.
  6687 | D:7      | Found a blossoming altar of Fedhas.
  6726 | D:7      | Found a snail-covered altar of Cheibriados.
  7535 | D:8      | Reached skill level 7 in Fighting
  7994 | D:8      | Found an iron altar of Okawaru.
  8174 | D:8      | Identified a scroll of acquirement
  8211 | D:9      | Noticed Harold
  8471 | D:9      | Noticed an elephant
  8567 | D:9      | Killed an elephant
  8618 | D:9      | Noticed Grum
  8634 | D:9      | Reached *** piety under Kikubaaqudgha
  8634 | D:9      | Identified Kikubaaqudgha's Compendium of Black Rites
                  | (Kikubaaqudgha gifted it to you on level 9 of the Dungeon)
  8634 | D:9      | Received a gift from Kikubaaqudgha
  8862 | D:9      | Killed Harold
  8869 | D:9      | Killed Grum
  8869 | D:9      | Reached skill level 5 in Evocations
  8893 | D:9      | Reached XP level 11. HP: 32/67 MP: 15/15
  9108 | D:9      | Learned a level 5 spell: Dispel Undead
  9140 | D:9      | Found a staircase to the Lair.
  9691 | D:10     | Entered Level 10 of the Dungeon
  9765 | D:10     | Got a transparent quarterstaff
  9808 | D:10     | Identified the +9 quarterstaff of Gloom {elec, -Tele rN++
                  | Int+4 Stlth+} (You found it on level 10 of the Dungeon)
 10147 | D:10     | Reached skill level 8 in Fighting
 10390 | D:11     | Noticed a two-headed ogre
 10404 | D:11     | Killed a two-headed ogre
 10480 | D:11     | Noticed a white ugly thing
 10496 | D:11     | Reached **** piety under Kikubaaqudgha
 10496 | D:11     | Reached skill level 9 in Fighting
 10602 | D:11     | Killed an unseen horror
 10644 | D:11     | Noticed a purple ugly thing
 10658 | D:11     | Found a flagged portal.
 10688 | D:11     | Reached XP level 12. HP: 74/77 MP: 17/17
 10703 | Bailey   | Entered a bailey
 10975 | Bailey   | Reached skill level 1 in Crossbows
 11423 | D:11     | Noticed Psyche
 11438 | D:11     | Killed Psyche
 11484 | D:11     | Noticed Erica
 11524 | D:11     | Reached skill level 10 in Fighting
 11636 | D:11     | Paralysed by a hornet for 2 turns
 11771 | D:11     | Reached skill level 5 in Crossbows
 11779 | D:11     | Reached ***** piety under Kikubaaqudgha
 12232 | D:12     | Noticed Urug
 12293 | Lair:1   | Entered Level 1 of the Lair of Beasts
 12359 | Lair:1   | Found a runed gate.
 12359 | Lair:1   | Found a runed gate.
 12359 | Lair:1   | Found a runed gate.
 12458 | Lair:1   | Noticed a minotaur
 12468 | Lair:1   | Noticed kwasso's ghost (novice GnWn)
 13056 | Lair:2   | Found a labyrinth entrance.
 13072 | Lab      | Entered a labyrinth
 13214 | Lab      | Noticed a minotaur
 13226 | Lab      | Killed a minotaur
 13226 | Lab      | Reached XP level 13. HP: 67/84 MP: 18/18
 13235 | Lab      | Found the ring of Robustness {AC+8}
 13334 | Lair:2   | Reached skill level 11 in Fighting
 13524 | Lair:2   | Found a staircase to the Shoals.
 14213 | Lair:3   | Noticed a four-headed hydra
 14223 | Lair:3   | Killed a four-headed hydra
 14419 | Lair:3   | Reached skill level 10 in Dodging
 15774 | Lair:4   | Found a staircase to the Snake Pit.
 16141 | Lair:5   | Found a staircase to the Slime Pits.
 16318 | Lair:5   | Learned a level 2 spell: Blink
 16464 | Lair:5   | HP: 1/85 [komodo dragon (15)]
 16465 | Lair:5   | Slain by a komodo dragon

Skill      XL: |  1  2  3  4  5  6  7  8  9 10 11 12 13 |
---------------+----------------------------------------+-----
Dodging        | 4 5 6 7 8 9 10 | 10.5
Stealth        | 1 2 3 4 5 6 |  6.6
Long Blades    | 3 4 5 7 8 9 |  9.0
Armour         | 1 2 3 |  3.4
Fighting       | 3 4 6 7 9 10 11 | 11.9
Short Blades   | 2 3 4 5 7 8 9 |  9.0
Evocations     | 2 3 5 6 7 8 |  8.7
Spellcasting   | 1 3 |  3.0
Necromancy     | 1 3 |  3.5
Crossbows      | 7 8 |  8.9
Throwing       | |  2.1

Action                   |  1- 3 |  4- 6 |  7- 9 | 10-12 | 13-15 || total
-------------------------+-------+-------+-------+-------+-------++-------
Melee: Long sword        |    86 |   106 |   406 |    22 |   393 ||  1013
       Rapier            |       |       |    37 |    15 |     5 ||    57
       Scimitar          |       |       |       |   256 |       ||   256
       Quarterstaff      |       |       |       |   278 |    23 ||   301
       Dagger            |       |       |       |     7 |       ||     7
 Fire: Arbalest          |       |       |       |    42 |     3 ||    45
Throw: Throwing net      |       |       |     5 |     1 |     2 ||     8
 Abil: Stop Flying       |       |       |       |     2 |       ||     2
       Evoke Flight      |       |       |       |     1 |       ||     1
Evoke: Wand              |       |       |    35 |    42 |       ||    77
       Lamp of fire      |       |       |       |     1 |     1 ||     2
  Use: Potion            |       |     1 |     5 |     8 |       ||    14
       Scroll            |       |     8 |     7 |    17 |     1 ||    33
 Stab: Sleeping          |     2 |     2 |    14 |    18 |     4 ||    40
       Held in net/web   |       |       |     1 |     2 |     1 ||     4
       Distracted        |       |       |     1 |     1 |       ||     2
  Eat: Chunk             |     6 |     6 |    15 |    28 |    10 ||    65
Armor: Leather armour    |    28 |    17 |    58 |       |       ||   103
       Skin              |       |    14 |     4 |     3 |       ||    21
       Steam dragon scal |       |       |       |   177 |   111 ||   288
Dodge: Dodged            |    95 |    85 |   393 |   715 |   374 ||  1662
       Rpst.: Long sword |    35 |    35 |   120 |     2 |   113 ||   305
       Scimitar          |       |       |       |    82 |       ||    82
